 Dungeon Crawl Stone Soup version 0.28-a0-991-g956f0ee3d5 (webtiles) character file.

Game seed: 8677446049325119343

47 vurker the Gusty (level 3, 0/22 HPs)
             Began as a Felid Air Elementalist on Dec 4, 2021.
             Succumbed to an adder's poison
             ... on level 2 of the Dungeon.
             The game lasted 00:01:23 (1917 turns).

vurker the Gusty (Felid Air Elementalist)           Turns: 1917, Time: 00:01:23

Health: 0/22       AC: 21    Str:  4    XL:     3   Next: 48%
Magic:  1/7        EV:  4    Int: 18    God:
Gold:   48         SH:  0    Dex: 16    Spells: 6/7 levels left
                                        Lives:  0   Deaths: 0

rFire   . . .      SeeInvis +   (weapon unavailable)
rCold   . . .      Faith    .   (shield unavailable)
rNeg    + . .      Spirit   .   (armour unavailable)
rPois   +          Reflect  .   (helmet unavailable)
rElec   .          Harm     .   (cloak unavailable)
rCorr   .          Rampage  .   (gloves unavailable)
Will    .....      NoTele   +   (boots unavailable)
Stlth   ++........              (no amulet)
HPRegen 0.07/turn               b - ring of positive energy
MPRegen 0.10/turn               (no ring)

@: lethally poisoned (0 -> -4), tree-form
A: stationary, stasis, torment immunity, boosted hp, very small, (claws 1),
(fangs 3), see invisible, (speed 1), (shaggy fur 1), (stealthy paws), no weapons
or thrown items, no armour, multi-lived
a: no special abilities


You were on level 2 of the Dungeon.
You were a tree.
You visited 1 branch of the dungeon, and saw 3 of its levels.

You collected 48 gold pieces.

Inventory:

Jewellery
 b - a ring of positive energy (left branch)
   (You found it on level 1 of the Dungeon)
Scrolls
 a - a scroll of silence {unknown}
 c - a scroll of identify {unknown}
Potions
 d - a potion of heal wounds {unknown}


   Skills:
 + Level 1.2 Fighting
 - Level 2.6 Dodging
 - Level 2.6 Stealth
 * Level 2.5 Spellcasting
 + Level 1.3 Conjurations
 * Level 3.2 Air Magic


You had 6 spell levels left.
You knew the following spells:

 Your Spells              Type           Power      Damage    Failure   Level
a - Shock                 Conj/Air       40%        1d5       7%          1

Your spell library contained the following spells:

 Spells                   Type           Power      Damage    Failure   Level
 Magic Dart               Conj           28%        1d4       10%         1
 Static Discharge         Conj/Air       10%        N/A       10%         2
 Swiftness                Air            14%        N/A       14%         3
 Call Imp                 Summ           2%         N/A       26%         2
 Mephitic Cloud           Conj/Pois/Air  7%         N/A       26%         3
 Airstrike                Air            7%         N/A       41%         4


Dungeon Overview and Level Annotations

Branches:
Dungeon (3/15)

Altars:

Shops:
D:1 [


Innate Abilities, Weirdness & Mutations

You are a tree.
Your roots penetrate the ground, keeping you stationary.
You cannot be teleported.
You are immune to unholy pain and torment.
Your maximum health is greatly increased.
((You have sharp claws.))
((You have razor-sharp teeth.))
You have supernaturally acute eyesight. (SInv)
((You cover ground quickly. (Speed+)))
((You are covered in fur. (AC +1)))
((Your paws help you pounce on unaware monsters.))
You are incapable of wielding weapons or throwing items.
You cannot wear armour.
You gain extra lives every three experience levels.


Message History

You kill the worm!
An adder comes into view.
Aim: an adder (asleep, 100% to hit)
The zap hits the adder.
The adder hisses angrily.
Aim: an adder (moderately wounded, 48% to hit)
The zap hits the adder.
Aim: an adder (severely wounded, 48% to hit)
The zap hits the adder.
Aim: an adder (severely wounded, 48% to hit)
The zap hits the adder. x2
Aim: an adder (almost dead, 48% to hit)
The zap hits the adder.
You kill the adder!
You can't see any susceptible monsters within range! (Use Z to cast anyway.)
You can't see any susceptible monsters within range! (Use Z to cast anyway.)
An adder comes into view.
Aim: an adder (wandering, hasn't noticed you, 48% to hit)
The zap hits the adder.
The adder hisses angrily.
Aim: an adder (lightly wounded, 48% to hit)
The zap hits the adder.
You don't have enough magic to cast this spell.
There is a stone staircase leading down, spattered with blood here.
You climb downwards.
There is a stone staircase leading up here.
You start resting.
You climb upwards.
The adder bites you.
You are poisoned.
The adder poisons you! The adder bites you.
There is a stone staircase leading down, spattered with blood here.
You feel sick.
You feel sick.
The zap misses the adder.
You feel sick. The adder closely misses you. x2
The zap misses the adder.
You feel sick. The adder misses you.
The zap misses the adder.
You feel sick. The adder closely misses you. The adder barely misses you.
The zap hits the adder. x2; You feel sick.
You are no longer poisoned.
The adder misses you.
The zap hits the adder.
The zap misses the adder.
The adder bites you.
* * * LOW HITPOINT WARNING * * *
You are lethally poisoned!
The adder poisons you! The adder barely misses you.
It was a potion of lignification.
You turn into a tree.
Your roots penetrate the ground.
* * * LOW HITPOINT WARNING * * *
You feel sick. The adder barely misses you.
The zap hits the adder.
The zap misses the adder.
You die...

##.####.### ########
..........# #......#
..........#####.####.#
##..............# #.#
......†...#####.# #.#
###.............# #†#
#..<....#####.####.#
#...........#†.S>..#
..........###.#.♣#####
..(..#..####.....#
.#####..# #..##.# ...#
#.. #.# ##>. ... #.#
..... ..# ### ###


You could see an adder.

Vanquished Creatures
  An adder (D:2)
  A worm (D:2)
  A dart slug (D:1)
  2 ball pythons
  6 endoplasms (D:1)
  3 giant cockroaches (D:1)
  3 goblins
  3 hobgoblins
  A quokka (D:1)
  A bat (D:3)
  4 frilled lizards (D:1)
  2 kobolds (D:1)
  3 rats (D:1)
31 creatures vanquished.

Notes
Turn   | Place    | Note
-------+----------+-------------------------------------------
     0 | D:1      | vurker the Felid Air Elementalist began the quest for the
                  | Orb.
     0 | D:1      | Reached XP level 1. HP: 7/7 MP: 4/4
    37 | D:1      | Reached skill level 1 in Conjurations
   195 | D:1      | Reached XP level 2. HP: 5/12 MP: 1/6
   570 | D:1      | Reached skill level 3 in Air Magic
   907 | D:1      | Reached skill level 1 in Fighting
  1119 | D:1      | Reached XP level 3. HP: 15/15 MP: 4/7
  1171 | D:1      | Found Ifufask's Armour Shoppe.
  1509 | D:2      | You fall into a shaft and drop 1 floor!
  1916 | D:2      | HP: 1/22 [poisoned by an adder]
  1917 | D:2      | Succumbed to an adder's poison

Illustrated notes

Levels and vault maps discovered:
D:1:      lightli_arrival_lavapool, layout_loops_ring, serial_shops, shop
D:2:      layout_loops_ring, serial_shops, shop_statue, shop,
          nicolae_shop_crystal, nicolae_shop_behind_doors
D:3:      layout_loops_ring, gammafunk_temple_overflow_claw,
          hellmonk_ecumenical_altar_pennies_from_heaven, uniq_natasha

Skill      XL: |  1  2 |
---------------+-------+-----
Conjurations   | 1 |  1.3
Air Magic      | 3 |  3.2
Fighting       | 1 |  1.2
Dodging        | |  2.6
Stealth        | |  2.6
Spellcasting   | |  2.5

Action                   || total
-------------------------++-------
Melee: Unarmed           ||    12
       Bite              ||     1
 Cast: Shock             ||    85
  Use: Potion            ||     1
 Stab: Sleeping          ||     1
Armor: Skin              ||     1
Dodge: Dodged            ||    22

Table legend: (Time is in decaauts)
 A = Elapsed time spent in this place.
 B = Non-inter-level travel time spent in this place.
 C = Inter-level travel time spent in this place.
 D = Time resting spent in this place.
 E = Time spent auto-exploring this place.
 F = Levels seen in this place.
 G = Mean time per level.
                   A        B        C        D        E       F      G
               +--------+--------+--------+--------+--------+-----+--------+
         Total |   1777 |   1739 |     38 |     56 |   1497 |   3 |  592.3 |
       Dungeon |   1777 |   1739 |     38 |     56 |   1497 |   3 |  592.3 |
               +--------+--------+--------+--------+--------+-----+--------+

Top non-repeatable levels by time:
     D:1: 1332 daAuts
     D:2: 279 daAuts
     D:3: 164 daAuts
